 Dungeon Crawl Stone Soup version 0.31-a0-237-g2d982f9f85 (webtiles) character file.

Game seed: 6155664678655548984

58 qw the Shooter (level 3, 0/29 HPs)
             Began as a Minotaur Hexslinger on July 10, 2023.
             Killed from afar by an orc wizard (8 damage)
             ... with a magic dart
             ... on level 2 of the Dungeon.
             The game lasted 00:00:44 (1473 turns).

qw the Shooter (Minotaur Hexslinger)                Turns: 1473, Time: 00:00:45

Health: 0/29       AC:  8    Str: 18    XL:     3   Next: 76%
Magic:  3/3        EV: 11    Int: 10    God:
Gold:   195        SH:  0    Dex: 14    Spells: 3/4 levels left

rFire   . . .        Y - +1 sling
rCold   . . .        (no shield)
rNeg    . . .        h - +0 ring mail
rPois   .            (helmet restricted)
rElec   .            (no cloak)
rCorr   .            i - +1 pair of gloves
SInv    .            a - +0 pair of boots
Will    .....        (no amulet) Stlth
                     b - +6 ring of strength
HPRegen 0.24/turn    (no ring)
MPRegen 0.08/turn

%: no passive effects
@: confused
A: horns 2, retaliatory headbutt
a: no special abilities


You were on level 2 of the Dungeon.
You visited 1 branch of the dungeon, and saw 3 of its levels.

You collected 195 gold pieces.


Innate Abilities, Weirdness & Mutations

You have a pair of horns on your head.
You reflexively headbutt those who attack you in melee.


   Skills:
 - Level 2.0 Fighting
 + Level 4.1 Ranged Weapons
 - Level 1.0 Armour
 - Level 2.1 Dodging
 - Level 1.0 Spellcasting
 - Level 2.0 Hexes


You had 3 spell levels left.
You knew the following spells:

 Your Spells              Type           Power      Damage    Failure   Level
a - Slow                  Hex            16%        N/A       26%         1

Your spell library contained the following spells:

 Spells                   Type           Power      Damage    Failure   Level
 Inner Flame              Hex/Fire       2%         N/A       77%         3
 Portal Projectile        Hex/Tloc       4%         N/A       77%         3
 Cause Fear               Hex            2%         N/A       95%         4

Inventory:

Hand Weapons
 Y - a +1 sling (weapon)
Armour
 a - a +0 pair of boots (worn)
 h - a +0 ring mail (worn)
 i - a +1 pair of gloves (worn)
Jewellery
 b - a +6 ring of strength (left hand)
Scrolls
 e - a scroll of identify
Potions
 c - a potion of haste
 j - a potion of heal wounds {unknown}
 k - a potion of enlightenment {unknown}
 l - a potion of degeneration {unknown}
 m - a potion of lignification {unknown}

Dungeon Overview and Level Annotations

Branches:
Dungeon (3/15)

Altars:


Message History

A magic dart appears from out of thin air!
Deactivating autopickup; reactivate with Ctrl-A.
The magic dart hits you.
You shoot a sling bullet. Something hits you but does no damage.
You shoot a sling bullet.
You hear some strange, mumbled words.
You are confused.
You hear some strange, mumbled words.
You are more confused.
You shoot a sling bullet. Something hits you but does no damage.
You shoot a sling bullet. Something hits you but does no damage.
You shoot a sling bullet. Something hits you but does no damage.
Something hits you.
You shoot a sling bullet.
You hear some strange, mumbled words.
You are more confused.
You shoot a sling bullet. Something hits you but does no damage.
You shoot a sling bullet.
You hear some strange, mumbled words.
A magic dart appears from out of thin air!
The magic dart hits you.
You shoot a sling bullet.
Something hits you but does no damage. x2
You shoot a sling bullet. Something hits you but does no damage.
You shoot a sling bullet. Something hits you but does no damage.
You shoot a sling bullet. Something hits you. Something barely misses you.
You shoot a sling bullet. Something hits you.
You shoot a sling bullet.
You hear some strange, mumbled words.
A magic dart appears from out of thin air!
The magic dart hits you!
You die...

#.# #.# ### #.##########.
#.# ##.####### #.# ##
#.###.#.....?# ##.## #
#......#####.###...## #
######[# #.##.#.#.######
# #.# #.#.##.##.#...####
##.# #.................
#..#######.##.##.#...####
#......)@{....#.###### #
#..#######.#...## # #.##
#)##### # #.# #.# ####
#.# #.# #... #.# #.# #.##
#.#### #.# #########.##
#....# #.# #.....).....
####.# #.###.#######.##


There were no monsters in sight!

Vanquished Creatures
  A dart slug (D:2)
  2 orcs (D:2)
  9 ball pythons
  5 bats
  7 endoplasms
  7 giant cockroaches (D:2)
  3 goblins
  3 hobgoblins
  4 kobolds
  A quokka (D:2)
  4 frilled lizards
  2 rats (D:1)
48 creatures vanquished.

Notes
Turn   | Place    | Note
-------+----------+-------------------------------------------
     0 | D:1      | qw the Minotaur Hexslinger began the quest for the Orb.
     0 | D:1      | Reached XP level 1. HP: 16/16 MP: 1/1
     0 | D:1      | 0 ||| qw: Version: 0.3-a-52-g30416fa
     0 | D:1      | 0 ||| qw: Game counter: 5385
     0 | D:1      | 0 ||| qw: Melee chars always use a shield: true
     0 | D:1      | 0 ||| qw: God list: Okawaru
     0 | D:1      | 0 ||| qw: Allow faded altars: false
     0 | D:1      | 0 ||| qw: Do Orc after clearing Dungeon:15 true
     0 | D:1      | 0 ||| qw: Do second Lair branch before Depths: true
     0 | D:1      | 0 ||| qw: Lair rune preference: random
     0 | D:1      | 0 ||| qw: Goals: Normal
     0 | D:1      | 0 ||| PLANNING D:1-11
    92 | D:1      | 92 ||| FLEEEEING.
    94 | D:1      | 94 ||| FLEEEEING.
    96 | D:1      | 96 ||| FLEEEEING.
    97 | D:1      | 97 ||| FLEEEEING.
    98 | D:1      | 98 ||| FLEEEEING.
    99 | D:1      | 99 ||| FLEEEEING.
   100 | D:1      | 100 ||| FLEEEEING.
   101 | D:1      | 101 ||| FLEEEEING.
   102 | D:1      | 102 ||| FLEEEEING.
   103 | D:1      | 103 ||| FLEEEEING.
   109 | D:1      | Reached skill level 3 in Ranged Weapons
   141 | D:1      | Reached XP level 2. HP: 23/23 MP: 2/2
   637 | D:1      | 637 ||| UPGRADING to +0 ring mail.
   647 | D:1      | 647 ||| DROPPING +0 robe.
   648 | D:1      | 648 ||| READING scroll labelled FODIOG ZONO.
   649 | D:1      | 649 ||| READING 3 scrolls labelled EBAOBE YGUKI.
   650 | D:1      | 650 ||| READING 2 scrolls labelled LITTIYRHUETO.
   651 | D:1      | 651 ||| READING scroll labelled JENEINILLO.
   652 | D:1      | 652 ||| READING scroll labelled SAETOU ILYDD.
   653 | D:1      | 653 ||| READING scroll labelled ZYCKAE ZUUZONAA.
   654 | D:1      | 654 ||| READING scroll labelled WABALE SYIMIU.
   655 | D:1      | 655 ||| READING 2 scrolls of identify.
   655 | D:1      | 655 ||| IDENTIFYING yellow potion
   656 | D:1      | 656 ||| DROPPING scroll of poison.
   657 | D:1      | 657 ||| DROPPING scroll of blinking.
   658 | D:1      | 658 ||| DROPPING potion of invisibility.
   738 | D:2      | Reached XP level 3. HP: 29/29 MP: 3/3
  1044 | D:2      | Reached skill level 4 in Ranged Weapons
  1219 | D:2      | Reached skill level 1 in Armour
  1354 | D:2      | 1354 ||| UPGRADING to +0 pair of boots.
  1359 | D:2      | 1359 ||| UPGRADING to +0 pair of gloves.
  1364 | D:2      | 1364 ||| READING scroll of enchant armour.
  1364 | D:2      | 1364 ||| ENCHANTING +0 pair of gloves.
  1365 | D:2      | 1365 ||| DROPPING amulet of magic regeneration.
  1366 | D:2      | 1366 ||| UPGRADING to +6 ring of strength.
  1367 | D:2      | 1367 ||| DROPPING ring of flight.
  1368 | D:2      | 1368 ||| READING 2 scrolls of identify.
  1368 | D:2      | 1368 ||| IDENTIFYING white potion
  1394 | D:3      | 1394 ||| STAIRDANCE
  1449 | D:3      | 1449 ||| STAIRDANCE
  1451 | D:3      | 1451 ||| STAIRDANCE
  1473 | D:2      | Killed from afar by an orc wizard

Levels and vault maps discovered:
D:1:      minmay_arrival_shattered_statue, layout_loops_ring,
          minmay_misc_feat_more_columns, minmay_gold_behind_fungi
D:2:      minmay_roachtagon, layout_loops_ring, minmay_bisected
D:3:      minmay_diamond_boxcup, layout_rooms, nicolae_sif_muna_little_library,
          serial_shops, shop

Skill      XL: |  1  2  3 |
---------------+----------+-----
Ranged Weapons | 3 4 |  4.1
Fighting       | 2 |  2.0
Armour         | 1 |  1.0
Dodging        | |  2.1
Spellcasting   | |  1.0
Hexes          | |  2.0

Action                     || total
---------------------------++-------
   Fire: Sling             ||   139
    Use: Scroll            ||    10
 Armour: Robe              ||     6
         Ring mail         ||    43
  Dodge: Dodged            ||    65

Table legend:
 A = Non-vault XP
 B = Vault XP
 C = Vault XP percentage of total XP
 D = Non-vault monster count
 E = Vault monster count
 F = Vault count percentage of total count
                 A         B        C        D         E       F
            +---------+---------+-------+---------+---------+-------
      Total |      61 |      23 |  27.4 |      37 |      11 |  22.9
            +---------+---------+-------+---------+---------+-------
        D:1 |      38 |       0 |   0.0 |      23 |       0 |   0.0
        D:2 |      21 |      23 |  52.3 |      13 |      11 |  45.8
        D:3 |       2 |       0 |   0.0 |       1 |       0 |   0.0
            +---------+---------+-------+---------+---------+-------
